 Dungeon Crawl Stone Soup version 0.26-a0-21-gf97e55dc39 (webtiles) character file.

Game seed: 185070771714638888, levelgen mode: deterministic

350 Esekla the Ducker (level 6, -4/41 HPs)
             Began as an Octopode Warper on May 26, 2020.
             Killed from afar by Blork the orc (9 damage)
             ... with a puff of frost
             ... on level 4 of the Dungeon.
             The game lasted 00:20:21 (3610 turns).

Esekla the Ducker (Octopode Warper)                 Turns: 3610, Time: 00:20:22

Health: -4/41      AC:  1    Str: 10    XL:     6   Next: 60%
Magic:  7/9        EV: 14    Int: 17    God:
Gold:   116        SH:  0    Dex: 12    Spells: 5/9 levels left

rFire    . . .     SeeInvis .   e - +2 dagger (elec)
rCold    . . .     Gourm    .   (no shield)
rNeg     . . .     Faith    .   (helmet restricted)
rPois    .         Spirit   .   (no amulet)
rElec    .         Reflect  .   (no ring)
rCorr    .         Harm     .   (no ring)
MR       .....                  (no ring)
Stlth    +++.......             (no ring)
HPRegen  0.13/turn              (no ring)
MPRegen  0.11/turn              (no ring)
                                (no ring)
                                (no ring)

@: no status effects
A: almost no armour, stealthy swim, amphibious, 8 rings, constrict 8, camouflage
1, gelatinous body 1
a: no special abilities


You were on level 4 of the Dungeon.
You were not hungry.

You visited 1 branch of the dungeon, and saw 4 of its levels.

You collected 116 gold pieces.

Inventory:

Hand Weapons
 a - a +0 falchion
 e - a +2 dagger of electrocution (weapon)
 p - a +0 short sword
Missiles
 d - 5 boomerangs of dispersal
 t - 2 poisoned darts (quivered)
Jewellery
 h - an uncursed ring of poison resistance {unknown}
 j - an uncursed ring of protection from magic {unknown}
Wands
 n - a wand of random effects (22)
Scrolls
 b - 2 scrolls of amnesia {unknown}
 c - 3 scrolls of blinking
 g - 6 scrolls of teleportation {unknown}
 k - a scroll of magic mapping {unknown}
 s - a scroll of identify
Potions
 i - a potion of brilliance
 l - 2 potions of berserk rage
 m - a potion of heal wounds {unknown}
 o - 2 potions of curing
 q - 2 potions of flight
 r - a potion of lignification
 v - a potion of mutation {unknown}
 w - a potion of invisibility
Comestibles
 f - 9 rations


   Skills:
 + Level 2.4 Fighting
 + Level 1.3(2.8) Short Blades
 * Level 3.8(4.0) Long Blades
 - Level 1.0 Throwing
 * Level 3.8 Dodging
 + Level 2.7 Stealth
 + Level 2.3 Spellcasting
 * Level 2.0 Charms
 * Level 3.6 Translocations


You had 5 spell levels left.
You knew the following spells:

 Your Spells              Type           Power        Failure   Level  Hunger
a - Shroud of Golubria    Chrm/Tloc      ##....       9%          2    ###....
b - Blink                 Tloc           N/A          6%          2    ###....

Your spell library contained the following spells:

 Spells                   Type           Power        Failure   Level  Hunger
 Gell's Gravitas          Tloc           ##........   13%         3    ###....
 Lesser Beckoning         Tloc           ##........   13%         3    ###....
 Teleport Other           Tloc           ##......     13%         3    ###....
 Passage of Golubria      Tloc           N/A          38%         4    #####..


Dungeon Overview and Level Annotations

Branches:
Dungeon (4/15)
 Temple: D:4-7

Altars:
Nemelex Xobeh
The Shining One

Annotations:
D:4 Blork the orc


Innate Abilities, Weirdness & Mutations

You cannot wear most types of armour.
You are very stealthy in the water. (Stealth+)
You are amphibious.
You can wear up to eight rings at the same time.
You can use your tentacles to constrict eight enemies at once.
Your skin changes colour to match your surroundings (Stealth+).
Your rubbery body absorbs attacks. (AC +1, EV +1)


Message History

The magic dart hits you.
Casting: Blink (safe; 6% risk of failure)
Confirm with . or Enter, or press ? or * to list all spells.
Okay, then.
Blork the orc gestures at you while chanting.
The puff of frost hits you.
Found 15 arrows.
You open the door.
Blork the orc hits you with a +0 war axe!
* * * LOW HITPOINT WARNING * * *
Casting: Blink (safe; 6% risk of failure)
Confirm with . or Enter, or press ? or * to list all spells.
You blink.
Blork the orc gestures at you while chanting.
The puff of frost hits you.
* * * LOW HITPOINT WARNING * * *
Blork the orc screams, "I'll make a cloak from your skin!"
Blork the orc points at you and mumbles some strange words.
The puff of frost hits you!
You die...

.<.....##.##.###.#####.#
##.######.##.# #.# #.# ...#
#.##)###.# #.# .### #........#
#.# .# ###...#### #.# .###
##<....## #.# .#.## ##.......##
##.####
....####.......[.####.....#####.#
>......'........@'..............#
....####(........####...#.##.###.
(..## ##.......## ##.##.##.# ...#
##.....## #.##.##.# .### ##...##
#.##.##.# .# ##o## #.##.##.# .
#§#########.##.##.# .
######.##.o..o.........#
.....#.##.#######.#†####


You could see Blork the orc (fast).

Vanquished Creatures
  An ogre (D:4)
  A hound (D:4)
  Jessica (D:2)
  Ijyb (D:4)
  2 worker ants (D:4)
  Robin (D:2)
  2 adders (D:2)
  An ooze (D:3)
  An adder skeleton (D:4)
  A worm (D:2)
  4 dart slugs
  3 leopard geckos
  3 orcs
  13 bats
  2 giant cockroaches
  10 hobgoblins
  2 quokkas
  2 ball pythons (D:1)
  8 frilled lizards
  18 goblins
  7 kobolds
  7 rats
91 creatures vanquished.

Notes
Turn   | Place    | Note
-------+----------+-------------------------------------------
     0 | D:1      | Esekla the Octopode Warper began the quest for the Orb.
     0 | D:1      | Reached XP level 1. HP: 14/14 MP: 3/3
   338 | D:1      | Reached XP level 2. HP: 13/19 MP: 5/5
   418 | D:1      | Found a sparkling altar of Nemelex Xobeh.
   696 | D:1      | Reached XP level 3. HP: 16/24 MP: 6/6
   700 | D:1      | Learned a level 2 spell: Shroud of Golubria
   703 | D:1      | Learned a level 2 spell: Blink
   827 | D:2      | Noticed Robin
  1287 | D:2      | Noticed Jessica
  1292 | D:2      | Killed Jessica
  1292 | D:2      | Reached XP level 4. HP: 29/29 MP: 7/7
  1328 | D:2      | Found a glowing golden altar of the Shining One.
  1685 | D:2      | Reached skill level 1 in Stealth
  2093 | D:3      | Reached XP level 5. HP: 28/34 MP: 8/8
  2417 | D:3      | Reached skill level 1 in Charms
  3372 | D:2      | Killed Robin
  3490 | D:4      | Noticed an ogre
  3509 | D:4      | Killed an ogre
  3509 | D:4      | Reached skill level 1 in Short Blades
  3509 | D:4      | Reached XP level 6. HP: 24/40 MP: 5/9
  3540 | D:4      | Noticed a phantom
  3575 | D:4      | Noticed Ijyb
  3579 | D:4      | Noticed Blork the orc
  3582 | D:4      | Killed Ijyb
  3610 | D:4      | Killed from afar by Blork the orc

Illustrated notes

Levels and vault maps discovered:
D:1:      minmay_arrival_shattered_statue, layout_loops_ring, serial_forest,
          infiniplex_forest_clump_diagonal, infiniplex_forest_lined_1,
          infiniplex_forest_corner_1, infiniplex_forest_straight_2,
          minmay_misc_feat_enclosed, nemelex_xobeh_ov_fountains_minmay
D:2:      layout_loops_ring, first_ration, tso_altar, uniq_robin, uniq_jessica
D:3:      minmay_thinvault, layout_loops_ring
D:4:      layout_loops_corners, uniq_blork_the_orc, uniq_ijyb, uniq_pikel

Skill      XL: |  1  2  3  4  5  6 |
---------------+-------------------+-----
Dodging        | 3 |  3.8
Long Blades    | 3 |  3.8
Stealth        | 1 2 |  2.7
Charms         | 1 2 |  2.0
Short Blades   | 1 |  1.3
Fighting       | |  2.4
Throwing       | |  1.0
Spellcasting   | |  2.3
Translocations | |  3.6

Action                   |  1- 3 |  4- 6 || total
-------------------------+-------+-------++-------
Melee: Falchion          |    56 |    34 ||    90
       Constrict         |    24 |    27 ||    51
       Tentacles         |    11 |    15 ||    26
       Dagger            |       |    78 ||    78
Throw: Dart              |       |     2 ||     2
 Cast: Shroud of Golubri |     2 |     6 ||     8
       Blink             |       |     2 ||     2
  Use: Scroll            |       |     6 ||     6
 Stab: Sleeping          |     2 |    15 ||    17
       Distracted        |       |     1 ||     1
  Eat: Chunk             |     1 |     8 ||     9
Armor: Skin              |     4 |     9 ||    13
Dodge: Dodged            |    39 |    77 ||   116
       Rpst.: Falchion   |     9 |     7 ||    16

Table legend:
 A = Non-vault XP
 B = Vault XP
 C = Vault XP percentage of total XP
 D = Non-vault monster count
 E = Vault monster count
 F = Vault count percentage of total count
                 A         B        C        D         E       F
            +---------+---------+-------+---------+---------+-------
      Total |     360 |     140 |  28.0 |      61 |      30 |  33.0
            +---------+---------+-------+---------+---------+-------
        D:1 |      38 |      10 |  20.8 |      20 |       5 |  20.0
        D:2 |      67 |      62 |  48.1 |      23 |       7 |  23.3
        D:3 |      27 |      32 |  54.2 |      12 |      17 |  58.6
        D:4 |     228 |      36 |  13.6 |       6 |       1 |  14.3
            +---------+---------+-------+---------+---------+-------
